 Dungeon Crawl Stone Soup version 0.29-a0-1047-g7c58e119a4 (webtiles) character file.

Game seed: 17862973211082484858

7541 SensoryNuts the Protected (level 11, -2/68 HPs)
             Began as a Gargoyle Fighter on Aug 16, 2022.
             Was an Initiate of Gozag.
             Killed by mirror damage (7 damage)
             ... on level 10 of the Dungeon.
             The game lasted 00:25:45 (14386 turns).

SensoryNuts the Protected (Gargoyle Fighter)       Turns: 14386, Time: 00:25:46

Health: -2/68      AC: 29    Str: 36    XL:     11   Next: 16%
Magic:  3/3        EV:  9    Int:  9    God:    Gozag
Gold:   1425       SH:  0    Dex:  9    Spells: 10/10 levels left

rFire   . . .      SeeInvis .   w - +2 battleaxe (antimagic)
rCold   . . .      Faith    .   (shield currently unavailable)
rNeg    + . .      Spirit   .   m - +3 plate armour
rPois   ∞          Reflect  .   y - +0 helmet
rElec   +          Harm     .   (no cloak)
rCorr   .          Rampage  .   (no gloves)
Will    .....                   z - +1 pair of boots
Stlth   ..........              u - amulet of the acrobat
HPRegen 0.21/turn               g - +6 ring of strength
MPRegen 0.08/turn               v - +6 ring of strength

@: gold aura
A: sickness immunity, AC +8, negative energy resistance 1, electricity
resistance, torment resistance 1, petrification resistance, passive freeze, wild
magic 1
a: Renounce Religion, Potion Petition, Call Merchant, Bribe Branch


You were on level 10 of the Dungeon.
You worshipped Gozag.
Gozag was most pleased with you.
You visited 2 branches of the dungeon, and saw 10 of its levels.

You collected 1565 gold pieces.
You spent 54 gold pieces at shops.
You paid 86 gold pieces to Gozag.

Inventory:

Hand Weapons
 a - a +1 flail
 t - a +2 short sword of draining
 w - a +2 antimagic battleaxe (weapon)
Armour
 b - a +0 scale mail
 c - a +0 buckler
 m - a +3 plate armour (worn)
 n - a +0 pair of boots
 y - a +0 helmet (worn)
 z - a +1 pair of boots (worn)
Jewellery
 g - a +6 ring of strength (left hand)
 i - a ring of protection from fire
 u - an amulet of the acrobat (around neck)
 v - a +6 ring of strength (right hand)
Wands
 d - a wand of quicksilver (20)
 j - a wand of flame (58)
 k - a wand of iceblast (3)
 s - a wand of mindburst (9)
Scrolls
 e - 2 scrolls of magic mapping
 f - 5 scrolls of identify
 h - a scroll of poison
 l - a scroll of amnesia
 o - a scroll of butterflies
 p - a scroll of blinking
 q - a scroll of immolation
 A - a scroll of summoning {unknown}
Potions
 r - a potion of degeneration
 x - a potion of brilliance


   Skills:
 + Level 7.7 Fighting
 + Level 3.1 Short Blades
 + Level 5.9(7.4) Axes
 + Level 7.6(8.8) Maces & Flails
 + Level 10.4 Armour
 + Level 1.7 Dodging
 + Level 2.8 Stealth
 + Level 7.7 Shields


You had 10 spell levels left.
You didn't know any spells.
Your spell library contained the following spells:

 Spells                   Type           Power      Damage    Failure   Level
 Beastly Appendage        Tmut           0%         N/A       95%         1
 Freeze                   Ice            0%         1d3       95%         1
 Wereblood                Tmut           0%         N/A       98%         2
 Frozen Ramparts          Ice            0%         1d1       100%        3
 Spider Form              Tmut/Pois      0%         N/A       100%        3
 Hailstorm                Conj/Ice       0%         3d3       100%        4


Dungeon Overview and Level Annotations

Branches:
Dungeon (8/15)             Temple (1/1) D:4
   Lair: D:8-11

Altars:
Ashenzari
Cheibriados
Dithmenos
Fedhas
Gozag
Hepliaklqana
Kikubaaqudgha
Makhleb
Qazlal
Ru
Sif Muna
Uskayaw
Vehumet
Wu Jian
Yredelemnul
Zin
The Shining One

Shops:
D:3 **

Annotations:
D:4 Robin
D:8 3 runed translucent doors


Innate Abilities, Weirdness & Mutations

You are immune to sickness and miasma.
Your stone body is resilient. (AC +8)
You are immune to poison.
You resist negative energy. (rN+)
You are resistant to electric shocks. (rElec)
You are resistant to unholy torment.
You are immune to petrification.
A frigid envelope surrounds you and freezes all who hurt you.
Your spells are a little harder to cast, but a little more powerful.


Message History

The death knight is moderately wounded.
The death knight barely misses you.
You slice the death knight!!
The death knight is severely wounded.
The death knight hits you with a +0 battleaxe!
The death knight is very cold.
The death knight is severely wounded.
The death knight offers itself to Yredelemnul, and fills with unholy energy.
Unknown command.
Unknown command.
Okay, then.
You barely miss the death knight.
The death knight is severely wounded.
The death knight closely misses you.
You closely miss the death knight.
The death knight is severely wounded.
The death knight hits you but does no damage.
The death knight is very cold.
The death knight is almost dead.
The death knight reflects your damage back at you!
Unknown command.
You hit the death knight.
The death knight is almost dead.
The death knight reflects your damage back at you!
The death knight mumbles some strange prayers to Yredelemnul against you.
Your body is wracked with pain!
The death knight hits you with a +0 battleaxe!
* * * LOW HITPOINT WARNING * * *
The death knight is very cold.
The death knight is almost dead.
The death knight reflects your damage back at you!
You closely miss the death knight.
The death knight is almost dead.
The death knight mumbles some strange prayers to Yredelemnul against you.
You feel a surge of unholy energy.
You slice the death knight!!
You kill the death knight!
Your damage is reflected back at you!
You die...
Your body crumbles into a pile of gold.

#....>.##.#
##'######.#######################
#...# #....#...#.......#......)
###.## #.##.#.###.#.#####.#.####
#..# #.#..#.....#.......#....[
###.###.#.##.###########.######
#....##.#..#.#...#.#.......#.[#
#....##.####.#.#.#.#.#####.#.('
#....##....#.#@#.#.# #.....#..#
#....#####.#.#$#.#.###.#.######
#.>..##....#.#.#.#.....#.#..).#
#....##.####.#$#.#.###.#.#.####
#######......#.#...#...#.#.....
##################.###### #)# #..


There were no monsters in sight!

Vanquished Creatures
  An ogre mage (D:10)
  A death knight (D:10)
  Pikel (D:4)
  An ugly thing (D:10)
  Psyche (D:10)
  The ghost of voltaire321 the Gusty, an amateur OpAE (D:4)
  Sigmund (D:3)
  A vampire (D:10)
  11 yaks (D:8)
  2 steam dragons (D:8)
  An acid dragon (D:10)
  Duvessa (D:6)
  2 water moccasins
  2 sky beasts (D:6)
  2 ice beasts
  2 orc warriors
  2 centaurs
  A lemure (D:4)
  3 phantoms
  Blork the orc (D:4)
  A kobold brigand (D:7)
  2 gnoll sergeants
  4 bullfrogs
  4 scorpions
  Dowan (D:6)
  4 killer bees (D:10)
  7 howler monkeys
  A jelly (D:6)
  2 gnoll boudas
  8 hounds
  2 orc priests
  An iguana (D:5)
  5 orc wizards
  7 adders
  18 gnolls
  3 white imps (D:6)
  An ufetubus (D:7)
  4 worms
  4 dart slugs
  26 orcs
  10 endoplasms
  3 giant cockroaches (D:1)
  15 hobgoblins
  5 jackals
  6 quokkas
  7 ball pythons
  8 bats
  2 frilled lizards (D:2)
  18 goblins
  16 kobolds
  4 rats
237 creatures vanquished.

Vanquished Creatures (others)
  An orc priest (D:7)
  An orc (D:8)
  A ball python (D:4)
3 creatures vanquished.

Grand Total: 240 creatures vanquished

Notes
Turn   | Place    | Note
-------+----------+-------------------------------------------
     0 | D:1      | SensoryNuts the Gargoyle Fighter began the quest for the
                  | Orb.
     0 | D:1      | Reached XP level 1. HP: 14/14 MP: 1/1
   223 | D:1      | Reached XP level 2. HP: 15/19 MP: 2/2
   389 | D:1      | Found a faded altar of an unknown god.
   668 | D:1      | Reached XP level 3. HP: 23/24 MP: 3/3
  1561 | D:2      | Reached XP level 4. HP: 29/29 MP: 4/4
  2455 | D:3      | Noticed Sigmund
  2887 | D:3      | Reached XP level 5. HP: 14/33 MP: 5/5
  3317 | D:3      | Found Fongyoce's Assorted Antiques.
  3324 | D:3      | Bought a scroll of identify for 54 gold pieces
  3372 | D:3      | Reached skill level 4 in Armour
  3401 | D:3      | Killed Sigmund
  3402 | D:3      | Reached XP level 6. HP: 3/39 MP: 6/6
  3792 | D:3      | Found a glowing silver altar of Zin.
  3792 | D:3      | Found Zin's Purification Station.
  4767 | D:4      | Noticed Robin
  4808 | D:4      | Reached skill level 5 in Maces & Flails
  5045 | D:4      | Noticed Pikel
  5088 | D:4      | Reached skill level 1 in Dodging
  5121 | D:4      | Found a staircase to the Ecumenical Temple.
  5134 | Temple   | Entered the Ecumenical Temple
  5177 | Temple   | Became a worshipper of Gozag Ym Sagoz the Greedy
  5386 | D:5      | Entered Level 5 of the Dungeon
  5411 | D:5      | Reached XP level 7. HP: 32/44 MP: 7/7
  5545 | D:4      | Reached skill level 5 in Armour
  5946 | D:4      | Gained mutation: Your spells are a little harder to cast,
                  | but a little more powerful. [potion of mutation]
  5946 | D:4      | Gained mutation: A frigid envelope surrounds you and
                  | freezes all who hurt you. [potion of mutation]
  6185 | D:5      | Reached skill level 5 in Fighting
  6185 | D:5      | Reached XP level 8. HP: 37/49 MP: 8/8
  6363 | D:5      | Reached skill level 5 in Shields
  6680 | D:5      | Found a broken altar of Ashenzari.
  7023 | D:6      | Reached skill level 6 in Armour
  7430 | D:6      | Found a snail-covered altar of Cheibriados.
  7521 | D:6      | Reached XP level 9. HP: 55/55 MP: 9/9
  7588 | D:6      | Noticed Dowan
  7589 | D:6      | Noticed Duvessa
  7602 | D:6      | Killed Duvessa
  7603 | D:6      | Reached skill level 7 in Armour
  7614 | D:6      | Killed Dowan
  8602 | D:7      | Reached skill level 1 in Short Blades
  8624 | D:7      | Found a stormy altar of Qazlal.
  8903 | D:7      | Reached skill level 8 in Armour
  9594 | D:4      | Noticed Blork the orc
  9607 | D:4      | Killed Blork the orc
  9815 | D:4      | Found a runed translucent door.
  9816 | D:4      | Noticed voltaire321's ghost (amateur OpAE)
  9907 | D:4      | Killed Pikel
  9908 | D:4      | Reached XP level 10. HP: 46/61 MP: 3/10
  9987 | D:4      | Found a runed translucent door.
  9987 | D:4      | Found an ornate altar of the Wu Jian Council.
 10006 | D:4      | Found a blossoming altar of Fedhas.
 10236 | D:4      | Killed voltaire321's ghost
 10237 | D:4      | Reached skill level 1 in Axes
 13571 | D:8      | Found a runed translucent gate.
 13571 | D:8      | Found a runed translucent gate.
 13571 | D:8      | Found a runed translucent gate.
 13604 | D:8      | Reached skill level 9 in Armour
 13604 | D:8      | Reached skill level 1 in Stealth
 13905 | D:8      | Reached skill level 10 in Armour
 13963 | D:8      | You fall into a shaft and drop 2 floors!
 13963 | D:10     | Entered Level 10 of the Dungeon
 13967 | D:10     | Noticed Psyche
 13975 | D:10     | Killed Psyche
 14087 | D:10     | Reached XP level 11. HP: 64/67 MP: 3/11
 14193 | D:10     | Noticed a green ugly thing
 14202 | D:10     | Killed a green ugly thing
 14203 | D:10     | Reached skill level 5 in Axes
 14300 | D:10     | Noticed an ogre mage
 14308 | D:10     | Killed an ogre mage
 14374 | D:10     | Noticed a death knight
 14386 | D:10     | Killed a death knight
 14386 | D:10     | Killed by mirror damage

Illustrated notes

Levels and vault maps discovered:
D:1:      amcnicky_arrival_wind_blow, layout_loops_ring,
          hellmonk_ecumenical_altar_leap_of_faith
D:2:      layout_basic
D:3:      layout_loops_corners, zin_purify, serial_shops, shop, hex_tiny,
          minmay_goblin_kobold_house, uniq_sigmund
D:4:      layout_loops_corners, mainiacjoe_overflow_brackets,
          overflow_temple_1_default, minmay_temple_entry_crystal_x,
          ebering_ghost_sewer_f, uniq_robin, uniq_blork_the_orc, uniq_pikel
D:5:      layout_cave_pools, evilmike_ruin_ashenzari, st_stairs_1,
          minmay_fractal_squares_diagonal_5
D:6:      layout_loops_ring, cheibrodos_worm_habitat, uniq_duvessa
D:7:      layout_loops_ring, nicolae_qazlal_scattered_showers,
          minmay_misc_feat_iff, uniq_joseph
D:8:      layout_cave_pods, grunt_temple_overflow_bloody_war,
          gammafunk_ghost_necromancy
D:10:     layout_roguey, xom_teletrap_fun, mainiacjoe_overflow_chevrons,
          erik_lair_orcish_takeover, wad_mini_maze, uniq_psyche
Temple:   chequers_temple_sunken

Skill      XL: |  1  2  3  4  5  6  7  8  9 10 11 |
---------------+----------------------------------+-----
Maces & Flails | 3 4 5 6 7 |  7.6
Fighting       | 4 5 6 7 |  7.7
Armour         | 4 5 6 8 10 | 10.4
Shields        | 4 6 7 |  7.7
Dodging        | 1 |  1.7
Short Blades   | 2 3 |  3.1
Axes           | 4 5 |  5.9
Stealth        | 2 |  2.8

Action                   |  1- 3 |  4- 6 |  7- 9 | 10-12 || total
-------------------------+-------+-------+-------+-------++-------
Melee: Flail             |   129 |   281 |   177 |       ||   587
       Short sword       |       |       |   135 |       ||   135
       Battleaxe         |       |       |     8 |   126 ||   134
  Use: Scroll            |       |    11 |     6 |     2 ||    19
       Potion            |       |    12 |     7 |     2 ||    21
 Stab: Distracted        |       |       |       |     3 ||     3
Armor: Scale mail        |    71 |    56 |       |       ||   127
       Plate armour      |       |   151 |   322 |    71 ||   544
Dodge: Dodged            |    54 |   102 |   152 |    78 ||   386
Block: Buckler           |    31 |    79 |   100 |       ||   210

Table legend: (Time is in decaauts)
 A = Elapsed time spent in this place.
 B = Non-inter-level travel time spent in this place.
 C = Inter-level travel time spent in this place.
 D = Time resting spent in this place.
 E = Time spent auto-exploring this place.
 F = Levels seen in this place.
 G = Mean time per level.
                   A        B        C        D        E       F      G
               +--------+--------+--------+--------+--------+-----+--------+
         Total |  14673 |  14507 |    166 |   4048 |   7058 |  10 | 1467.3 |
       Dungeon |  14383 |  14217 |    166 |   4048 |   6876 |   9 | 1598.1 |
        Temple |    289 |    289 |      0 |      0 |    182 |   1 |  289.0 |
               +--------+--------+--------+--------+--------+-----+--------+

Top non-repeatable levels by time:
     D:4: 4003 daAuts
     D:3: 2965 daAuts
     D:2: 1658 daAuts
     D:7: 1256 daAuts
     D:6: 1145 daAuts
     D:1: 1059 daAuts
     D:5: 971 daAuts
     D:8: 886 daAuts
    D:10: 436 daAuts
  Temple: 289 daAuts
